 Dungeon Crawl Stone Soup version 0.31-a0-237-g2d982f9f85 (webtiles) character file.

Game seed: 3164506878624491761

36665 qw the Marksminotaur (level 13, -10/116 HPs)
             Began as a Minotaur Hexslinger on July 10, 2023.
             Was an Elder of Okawaru.
             Mangled by a death yak (11 damage)
             ... while petrified
             ... on level 5 of the Lair of Beasts.
             The game lasted 00:05:25 (11845 turns).

qw the Marksminotaur (Minotaur Hexslinger)         Turns: 11845, Time: 00:05:25

Health: -10/116    AC: 13    Str: 13    XL:     13   Next: 54%
Magic:  15/19      EV:  2    Int:  9    God:    Okawaru [****..]
Gold:   1145       SH:  0    Dex: 27    Spells: 13/14 levels left

rFire   + . .        l - +0 triple crossbow (heavy)
rCold   + . .        (shield currently unavailable)
rNeg    + + +        s - +4 leather armour of Imperfection {Will++ Regen+ Stlth+}
rPois   inf          (helmet restricted)
rElec   .            k - scarf {rC+ rF+}
rCorr   .            i - +3 pair of gauntlets of War {Slay+5}
SInv    .            t - +1 pair of boots
Will    ++...        f - amulet of regeneration
Stlth   +++          v - ring of poison resistance
HPRegen 1.99/turn    o - +6 ring of dexterity
MPRegen 0.16/turn

%: no passive effects
@: petrified, finesse-ful
A: horns 2, retaliatory headbutt, talons 1, agile 1, noise suppression
a: Renounce Religion, Heroism, Finesse


You were on level 5 of the Lair of Beasts.
You worshipped Okawaru.
Okawaru was greatly pleased with you.
You visited 2 branches of the dungeon, and saw 16 of its levels.

You collected 1145 gold pieces.


Innate Abilities, Weirdness & Mutations

You have a pair of horns on your head.
You reflexively headbutt those who attack you in melee.
You have sharp toenails.
You are agile. (Dex +4, Str/Int -1)
You passively dampen the noise of your surroundings.


   Skills:
 + Level 11.5 Fighting
 - Level 18.0 Ranged Weapons
 - Level 4.3 Armour
 - Level 10.0 Dodging
 - Level 1.0 Spellcasting
 - Level 2.0 Hexes
 - Level 10.0 Invocations


You had 13 spell levels left.
You knew the following spells:

 Your Spells              Type           Power      Damage    Failure   Level
a - Slow                  Hex            16%        N/A       21%         1

Your spell library contained the following spells:

 Spells                   Type           Power      Damage    Failure   Level
 Inner Flame              Hex/Fire       2%         N/A       65%         3
 Portal Projectile        Hex/Tloc       4%         N/A       65%         3
 Cause Fear               Hex            2%         N/A       89%         4

Inventory:

Hand Weapons
 l - a +0 heavy triple crossbow (weapon)
Armour
 d - a +0 cloak
 i - the +3 pair of gauntlets of War (worn) {Slay+5}
   (You acquired it on level 4 of the Dungeon)

   Slay:      It affects your accuracy & damage with ranged weapons and melee
   (+5).
 k - a scarf of resistance (worn)
 s - the +4 leather armour of Imperfection (worn) {Will++ Regen+ Stlth+}
   (You found it on level 2 of the Lair of Beasts)

   Regen:     It increases your rate of health regeneration.
   Will:      It greatly increases your willpower.
   Stlth:     It makes you more stealthy.
 t - a +1 pair of boots (worn)
Jewellery
 f - an amulet of regeneration (around neck)
 o - a +6 ring of dexterity (right hand)
 q - a ring of ice
 v - a ring of poison resistance (left hand)
 Y - a ring of resist corrosion
Wands
 p - a wand of digging (16)
Scrolls
 b - 9 scrolls of teleportation
 g - 7 scrolls of identify
 j - 2 scrolls of brand weapon
Potions
 a - 2 potions of curing
 c - a potion of resistance
 e - 4 potions of mutation
 h - 5 potions of enlightenment
 m - 2 potions of might
 r - 2 potions of haste
 u - 2 potions of heal wounds

Dungeon Overview and Level Annotations

Branches:
Dungeon (11/15)            Temple (0/1) D:4            Lair (5/5) D:11
  Swamp (0/4) Lair:3        Snake (0/4) Lair:3        Slime (0/5) Lair:5
    Orc (0/2) D:10

Altars:
Cheibriados
Fedhas
Hepliaklqana
Okawaru
Qazlal
Xom
Yredelemnul
Zin

Shops:
D:1 !

Portals:
Trove: D:11 (give 8 scrolls of fear)

Annotations:
Lair:5 2 runed translucent doors, qw's ghost, journeyman GrHu


Message History

The deep troll shaman barely misses you.
The deep troll shaman closely misses you.
The deep troll shaman barely misses you.
Your limbs are stiffening.
11839 ||| INVOKING Finesse.
You can now deal lightning-fast blows.
You can no longer enter into single combat with a foe.
Okawaru will no longer gift you equipment.
You are engulfed in calcifying dust.
Your limbs have turned to stone.
The death yak barely misses you. x2; The deep troll shaman bites you.
The deep troll shaman claws you but does no damage. x2
The death yak barely misses you. The death yak gores you.
You have turned to stone.
You are engulfed in calcifying dust.
The deep troll shaman bites you but does no damage.
The deep troll shaman claws you!
The deep troll shaman claws you but does no damage.
The death yak gores you! The death yak completely misses you.
You feel like a meek peon again. The deep troll shaman bites you!
The deep troll shaman claws you but does no damage.
The deep troll shaman claws you! The death yak gores you!!
The death yak gores you but does no damage.
The deep troll shaman bites you but does no damage.
The deep troll shaman claws you! x2; The death yak gores you!!
The death yak gores you! The deep troll shaman bites you.
The deep troll shaman claws you but does no damage.
The deep troll shaman claws you!
The death yak gores you but does no damage.
The death yak gores you! The deep troll shaman bites you.
The deep troll shaman claws you but does no damage.
The deep troll shaman claws you.
The death yak gores you but does no damage.
The death yak completely misses you. The deep troll shaman bites you.
The deep troll shaman barely misses you.
The deep troll shaman claws you! The death yak gores you!! x2
You die...

### #.###
##Y..#####
#@P.......
#YT...##.
##...%.#
##.#%...#
##..#......
##..##
....% #P.P#
....T #...#
###. #...#


You could see 2 death yaks and a deep troll shaman.

Vanquished Creatures
  Snorg (D:11)
  Harold (Lair:2)
  A catoblepas (Lair:5)
  4 hydras
  2 boulder beetles
  3 two-headed ogres
  2 death yaks (Lair:5)
  Urug (D:11)
  Sonja (D:11)
  A skyshark (Lair:4)
  A wizard (D:9)
  A cyclops (D:11)
  An oklob plant (Lair:3)
  A salamander (Lair:1)
  4 black mambas
  A torpor snail (Lair:3)
  3 elephants (Lair:5)
  5 rime drakes
  5 komodo dragons
  5 cane toads
  2 unseen horrors (D:11)
  2 kobold demonologists
  2 trolls
  A hornet (D:9)
  2 polar bears (Lair:5)
  10 blink frogs
  3 tyrant leeches (Lair:3)
  Prince Ribbit (D:5)
  A shadow (D:11)
  A basilisk (Lair:2)
  A wraith (D:9)
  5 wyverns
  33 yaks
  A steam dragon (D:9)
  4 vampire mosquitoes (D:11)
  A swamp worm (Lair:3)
  Menkaure (D:5)
  4 nagas (Lair:3)
  2 acid dragons
  10 water moccasins
  4 orc warriors
  A swamp drake (D:10)
  An ice beast (D:7)
  2 black bears
  5 sky beasts
  13 wolves
  2 ogres (D:7)
  A centaur (D:9)
  A phantom (D:6)
  10 bullfrogs
  4 kobold brigands
  A gnoll sergeant (D:8)
  13 wights
  3 killer bees (D:8)
  2 howler monkeys (D:9)
  A lava snake (Lair:1)
  2 orc priests
  A gnoll bouda (D:8)
  2 hounds (D:6)
  A sleepcap (D:5)
  5 iguanas
  Terence (D:2)
  Natasha (twice) (D:3)
  9 orc wizards
  10 gnolls
  10 adders
  A river rat (D:3)
  A shadow imp (D:5)
  2 white imps
  4 worms
  3 dart slugs
  29 orcs
  4 ball pythons
  2 bats
  6 endoplasms
  3 giant cockroaches
  3 goblins
  10 hobgoblins
  4 jackals (D:2)
  20 kobolds
  2 quokkas (D:4)
  7 rats
339 creatures vanquished.

Vanquished Creatures (others)
  A wolf (Lair:3)
1 creature vanquished.

Grand Total: 340 creatures vanquished

Notes
Turn   | Place    | Note
-------+----------+-------------------------------------------
     0 | D:1      | qw the Minotaur Hexslinger began the quest for the Orb.
     0 | D:1      | Reached XP level 1. HP: 16/16 MP: 1/1
     0 | D:1      | 0 ||| qw: Version: 0.3-a-52-g30416fa
     0 | D:1      | 0 ||| qw: Game counter: 5067
     0 | D:1      | 0 ||| qw: Melee chars always use a shield: true
     0 | D:1      | 0 ||| qw: God list: Okawaru
     0 | D:1      | 0 ||| qw: Allow faded altars: false
     0 | D:1      | 0 ||| qw: Do Orc after clearing Dungeon:15 true
     0 | D:1      | 0 ||| qw: Do second Lair branch before Depths: true
     0 | D:1      | 0 ||| qw: Lair rune preference: random
     0 | D:1      | 0 ||| qw: Goals: Normal
     0 | D:1      | 0 ||| PLANNING D:1-11
    30 | D:1      | Found Tokhlyrchasch's Distillery.
    34 | D:1      | 34 ||| SHOPLISTING potion of enlightenment (55 gold, have
                  | 0).
    34 | D:1      | 34 ||| SHOPLISTING potion of haste (110 gold, have 0).
    34 | D:1      | 34 ||| SHOPLISTING potion of might (44 gold, have 0).
    34 | D:1      | 34 ||| SHOPLISTING potion of mutation (88 gold, have 0).
   173 | D:1      | Reached skill level 3 in Ranged Weapons
   238 | D:1      | Reached XP level 2. HP: 23/23 MP: 2/2
   430 | D:1      | 430 ||| UPGRADING to +0 cloak.
   439 | D:1      | 439 ||| UPGRADING to +0 ring mail.
   449 | D:1      | 449 ||| DROPPING +0 robe.
   460 | D:1      | 460 ||| READING scroll labelled QIN YTE HIQYM.
   461 | D:1      | 461 ||| READING scroll labelled NIUMUKHL WASHREGH.
   550 | D:1      | 550 ||| DRINKING 2 pink potions.
   551 | D:1      | 551 ||| DROPPING scroll of poison.
   724 | D:2      | You fall into a shaft and drop 1 floor!
   725 | D:3      | 725 ||| PLANNING SEWER
   789 | D:3      | Reached XP level 3. HP: 29/29 MP: 3/3
   885 | D:3      | Reached skill level 4 in Ranged Weapons
   988 | D:3      | Found a faded altar of an unknown god.
  1000 | D:3      | Reached skill level 1 in Armour
  1172 | D:3      | Found a snail-covered altar of Cheibriados.
  1196 | D:3      | Reached XP level 4. HP: 36/36 MP: 4/4
  1310 | D:3      | Noticed Terence
  1320 | D:3      | 1320 ||| READING 2 scrolls labelled DESASY AKAIL.
  1343 | D:3      | 1343 ||| RIP SEWER
  1402 | D:3      | 1402 ||| PLANNING D:1-11
  1433 | D:3      | Noticed Natasha
  1440 | D:3      | Killed Natasha
  1490 | D:3      | 1490 ||| DRINKING 2 glowing clear potions.
  1537 | D:3      | Noticed Natasha
  1542 | D:3      | Killed Natasha
  1543 | D:3      | Reached skill level 5 in Ranged Weapons
  1737 | D:2      | Reached XP level 5. HP: 42/42 MP: 5/5
  2114 | D:2      | 2114 ||| READING scroll labelled NUALUASHUCW.
  2115 | D:2      | 2115 ||| READING scroll labelled AMINAPT OWUTUCAA.
  2116 | D:2      | 2116 ||| READING scroll labelled SOULOA DIVUAGY.
  2251 | D:3      | 2251 ||| STAIRDANCE
  2264 | D:2      | Killed Terence
  2265 | D:2      | Reached skill level 3 in Fighting
  2570 | D:4      | Found an iron altar of Okawaru.
  2571 | D:4      | 2571 ||| PLANNING OKAWARU WORSHIP
  2571 | D:4      | 2571 ||| STAIRDANCE
  3026 | D:4      | Became a worshipper of Warmaster Okawaru
  3027 | D:4      | 3027 ||| PLANNING D:1-11
  3059 | D:4      | Found a staircase to the Ecumenical Temple.
  3237 | D:4      | Found a basalt altar of Yredelemnul.
  3312 | D:4      | 3312 ||| SWAPPING to +0 shortbow.
  3315 | D:4      | 3315 ||| DROPPING +1 sling.
  3455 | D:4      | 3455 ||| UPGRADING to +0 pair of gloves.
  3460 | D:4      | 3460 ||| UPGRADING to scarf of resistance.
  3470 | D:4      | 3470 ||| READING scroll labelled ROCLOE PIXUIS.
  3470 | D:4      | Identified a scroll of acquirement
  3470 | D:4      | 3470 ||| ACQUIRING +3 pair of gauntlets of War {Slay+5}
  3470 | D:4      | Acquired the +3 pair of gauntlets of War {Slay+5}
  3470 | D:4      | Found the +3 pair of gauntlets of War {Slay+5}
  3472 | D:4      | 3472 ||| UPGRADING to +3 pair of gauntlets of War {Slay+5}.
  3482 | D:4      | 3482 ||| DROPPING +0 pair of gloves.
  3498 | D:5      | Entered Level 5 of the Dungeon
  3600 | D:5      | 3600 ||| Stepping ~*~*~tactically~*~*~ (outnumbered).
  3603 | D:5      | Reached skill level 6 in Ranged Weapons
  3603 | D:5      | Reached XP level 6. HP: 51/51 MP: 6/6
  3606 | D:5      | 3606 ||| Stepping ~*~*~tactically~*~*~ (outnumbered).
  3614 | D:5      | 3614 ||| DRINKING 3 potions of curing.
  3614 | D:5      | 3614 ||| (to cure confusion)
  3629 | D:5      | 3629 ||| DRINKING 2 potions of curing.
  3629 | D:5      | 3629 ||| (to cure confusion)
  3631 | D:5      | 3631 ||| DRINKING potion of curing.
  3631 | D:5      | 3631 ||| (to cure confusion)
  3748 | D:5      | Noticed Menkaure
  3755 | D:5      | Killed Menkaure
  3756 | D:5      | Reached skill level 7 in Ranged Weapons
  3953 | D:5      | Noticed Prince Ribbit
  3962 | D:5      | Killed Prince Ribbit
  3962 | D:5      | Reached * piety under Okawaru
  3963 | D:5      | Reached skill level 8 in Ranged Weapons
  3963 | D:5      | Reached XP level 7. HP: 59/59 MP: 7/7
  4169 | D:5      | Reached skill level 1 in Invocations
  4251 | D:5      | 4251 ||| UPGRADING to amulet of regeneration.
  4256 | D:5      | 4256 ||| READING 5 scrolls labelled OCWYKL FEZUARO.
  4257 | D:5      | 4257 ||| DRINKING 2 sapphire potions.
  4258 | D:5      | 4258 ||| READING 4 scrolls of identify.
  4258 | D:5      | 4258 ||| IDENTIFYING fizzy emerald potion
  4259 | D:5      | 4259 ||| READING 3 scrolls of identify.
  4259 | D:5      | 4259 ||| IDENTIFYING golden potion
  4260 | D:5      | 4260 ||| READING 2 scrolls of identify.
  4260 | D:5      | 4260 ||| IDENTIFYING grey potion
  4261 | D:5      | 4261 ||| DROPPING potion of brilliance.
  4277 | D:6      | Found a stormy altar of Qazlal.
  4279 | D:6      | Reached ** piety under Okawaru
  4286 | D:6      | 4286 ||| INVOKING Heroism.
  4346 | D:6      | 4346 ||| INVOKING Heroism.
  4355 | D:6      | Reached skill level 3 in Invocations
  4355 | D:6      | Reached XP level 8. HP: 60/68 MP: 5/9
  4629 | D:6      | Found a glowing silver altar of Zin.
  4690 | D:6      | 4690 ||| DROPPING scarf of shadows.
  4691 | D:6      | 4691 ||| READING scroll labelled JEYNIZ IPOAKH.
  4692 | D:6      | 4692 ||| READING 2 scrolls labelled WYRAKLE SEATIV.
  4693 | D:6      | 4693 ||| READING 2 scrolls of identify.
  4693 | D:6      | 4693 ||| IDENTIFYING murky amethyst potion
  4694 | D:6      | 4694 ||| DROPPING potion of lignification.
  4695 | D:6      | 4695 ||| DROPPING scroll of blinking.
  4864 | D:7      | 4864 ||| INVOKING Heroism.
  4946 | D:7      | Reached skill level 9 in Ranged Weapons
  4973 | D:7      | Reached skill level 3 in Dodging
  5099 | D:7      | 5099 ||| INVOKING Heroism.
  5126 | D:7      | Reached skill level 6 in Fighting
  5149 | D:7      | 5149 ||| INVOKING Heroism.
  5156 | D:7      | Reached skill level 10 in Ranged Weapons
  5310 | D:7      | Reached XP level 9. HP: 72/78 MP: 11/11
  5427 | D:7      | 5427 ||| Stepping ~*~*~tactically~*~*~ (outnumbered).
  5451 | D:7      | 5451 ||| Stepping ~*~*~tactically~*~*~ (outnumbered).
  5501 | D:7      | 5501 ||| UPGRADING to ring of resist corrosion.
  5502 | D:7      | 5502 ||| UPGRADING to +6 ring of dexterity.
  5503 | D:7      | 5503 ||| READING scroll labelled FEISENGE NOKOE.
  5504 | D:7      | 5504 ||| DRINKING 2 metallic cyan potions.
  5609 | D:7      | 5609 ||| DROPPING potion of berserk rage.
  5662 | D:8      | Reached *** piety under Okawaru
  5707 | D:8      | 5707 ||| INVOKING Heroism.
  5770 | D:8      | 5770 ||| SWAPPING to +0 triple crossbow.
  5772 | D:8      | Reached skill level 11 in Ranged Weapons
  5772 | D:8      | 5772 ||| DROPPING +0 heavy shortbow.
  5802 | D:8      | Reached skill level 3 in Armour
  5830 | D:8      | 5830 ||| READING scroll of brand weapon.
  5830 | D:8      | 5830 ||| BRANDING +0 triple crossbow.
  5932 | D:8      | 5932 ||| Stepping ~*~*~tactically~*~*~ (outnumbered).
  6106 | D:8      | Found a blossoming altar of Fedhas.
  6346 | D:8      | 6346 ||| UPGRADING to +1 leather armour of cold resistance.
  6356 | D:8      | 6356 ||| DROPPING +0 ring mail.
  6357 | D:8      | 6357 ||| DRINKING 3 yellow potions.
  6402 | D:9      | 6402 ||| INVOKING Heroism.
  6455 | D:9      | Reached skill level 6 in Dodging
  6569 | D:9      | 6569 ||| INVOKING Heroism.
  6727 | D:9      | Reached skill level 12 in Ranged Weapons
  6727 | D:9      | Reached XP level 10. HP: 74/86 MP: 12/12
  6746 | D:9      | Noticed a two-headed ogre
  6747 | D:9      | 6747 ||| INVOKING Heroism.
  6750 | D:9      | Killed a two-headed ogre
  6750 | D:9      | Reached **** piety under Okawaru
  7007 | D:9      | Noticed a wizard
  7008 | D:9      | Killed a wizard
  7012 | D:9      | Identified the amulet "Azaxucij" {Spirit *Corrode rN+
                  | Str+2}
  7080 | D:9      | 7080 ||| UPGRADING to +1 pair of boots.
  7085 | D:9      | 7085 ||| DROPPING amulet "Azaxucij" {Spirit *Corrode rN+
                  | Str+2}.
  7086 | D:9      | 7086 ||| READING scroll labelled MISCHY DAVU.
  7087 | D:9      | 7087 ||| DRINKING 2 silvery potions.
  7087 | D:9      | Gained mutation: You have sharp toenails. [potion of
                  | mutation]
  7087 | D:9      | Gained mutation: You passively dampen the noise of your
                  | surroundings. [potion of mutation]
  7087 | D:9      | Gained mutation: You are agile. (Dex +4, Str/Int -1)
                  | [potion of mutation]
  7095 | D:10     | Entered Level 10 of the Dungeon
  7098 | D:10     | 7098 ||| STAIRDANCE
  7100 | D:9      | 7100 ||| INVOKING Heroism.
  7102 | D:9      | Noticed a soul eater
  7104 | D:9      | HP: 17/85 [soul eater[a kobold demonologist] (6)]
  7105 | D:9      | 7105 ||| READING 7 scrolls of teleportation.
  7106 | D:9      | 7106 ||| DRINKING potion of heal wounds.
  7230 | D:10     | Found a hazy altar of Hepliaklqana.
  7232 | D:10     | 7232 ||| INVOKING Heroism.
  7245 | D:10     | Reached skill level 6 in Invocations
  7294 | D:10     | Found a shimmering altar of Xom.
  7571 | D:10     | 7571 ||| Stepping ~*~*~tactically~*~*~ (outnumbered).
  7572 | D:10     | 7572 ||| Stepping ~*~*~tactically~*~*~ (outnumbered).
  7573 | D:10     | 7573 ||| Stepping ~*~*~tactically~*~*~ (outnumbered).
  7575 | D:10     | 7575 ||| Stepping ~*~*~tactically~*~*~ (outnumbered).
  7578 | D:10     | 7578 ||| DRINKING 2 potions of curing.
  7578 | D:10     | 7578 ||| (to cure confusion)
  7579 | D:10     | 7579 ||| INVOKING Heroism.
  7624 | D:10     | 7624 ||| DRINKING potion of curing.
  7624 | D:10     | 7624 ||| (to cure confusion)
  7637 | D:10     | Found a staircase to the Orcish Mines.
  7642 | D:10     | 7642 ||| INVOKING Heroism.
  7644 | D:10     | 7644 ||| DRINKING potion of resistance.
  7844 | D:10     | 7844 ||| UPGRADING to +0 troll leather armour.
  7854 | D:10     | 7854 ||| DROPPING +1 leather armour of cold resistance.
  7855 | D:10     | 7855 ||| DROPPING potion of degeneration.
  7937 | D:11     | Found a staircase to the Lair.
  7954 | D:11     | 7954 ||| Stepping ~*~*~tactically~*~*~ (outnumbered).
  7955 | D:11     | 7955 ||| Stepping ~*~*~tactically~*~*~ (outnumbered).
  7965 | D:11     | 7965 ||| Stepping ~*~*~tactically~*~*~ (outnumbered).
  7970 | D:11     | 7970 ||| Stepping ~*~*~tactically~*~*~ (outnumbered).
  7972 | D:11     | Reached skill level 13 in Ranged Weapons
  7975 | D:11     | Noticed Sonja
  7977 | D:11     | Killed Sonja
  7977 | D:11     | Reached ***** piety under Okawaru
  7978 | D:11     | Reached XP level 11. HP: 94/94 MP: 15/15
  7985 | D:11     | Noticed Urug
  7986 | D:11     | 7986 ||| INVOKING Heroism.
  7987 | D:11     | 7987 ||| INVOKING Finesse.
  7988 | D:11     | Killed Urug
  7990 | D:11     | 7990 ||| Stepping randomly (disturbance).
  7991 | D:11     | 7991 ||| Stepping randomly (disturbance).
  7993 | D:11     | 7993 ||| Stepping randomly (disturbance).
  7994 | D:11     | 7994 ||| Stepping randomly (disturbance).
  8018 | D:11     | 8018 ||| Stepping randomly (disturbance).
  8073 | D:11     | Found a portal to a secret trove of treasure.
  8132 | D:11     | 8132 ||| INVOKING Heroism.
  8146 | D:11     | 8146 ||| Stepping randomly (disturbance).
  8159 | D:11     | Noticed Snorg
  8160 | D:11     | 8160 ||| INVOKING Heroism.
  8166 | D:11     | Killed Snorg
  8232 | D:11     | Noticed a two-headed ogre
  8233 | D:11     | 8233 ||| INVOKING Heroism.
  8235 | D:11     | Killed a two-headed ogre
  8236 | D:11     | Reached skill level 9 in Fighting
  8254 | D:11     | Noticed a two-headed ogre
  8256 | D:11     | Killed a two-headed ogre
  8310 | D:11     | 8310 ||| INVOKING Heroism.
  8390 | D:11     | 8390 ||| READING scroll labelled KUEGHYL ARIYS.
  8391 | D:11     | 8391 ||| Stepping randomly (disturbance).
  8477 | D:11     | 8477 ||| PLANNING LAIR
  8514 | Lair:1   | Entered Level 1 of the Lair of Beasts
  8528 | Lair:1   | 8528 ||| INVOKING Heroism.
  8530 | Lair:1   | Reached skill level 9 in Invocations
  8614 | Lair:1   | 8614 ||| INVOKING Heroism.
  8627 | Lair:1   | Noticed a six-headed hydra
  8630 | Lair:1   | Killed a six-headed hydra
  8635 | Lair:1   | Reached skill level 14 in Ranged Weapons
  8847 | Lair:1   | 8847 ||| INVOKING Heroism.
  8876 | Lair:1   | 8876 ||| DROPPING ring of flight.
  8991 | Lair:1   | 8991 ||| INVOKING Heroism.
  9021 | Lair:1   | Reached skill level 9 in Dodging
  9021 | Lair:1   | Reached XP level 12. HP: 87/104 MP: 18/18
  9320 | Lair:1   | 9320 ||| READING scroll labelled ATIEREX OZXOZACS.
  9321 | Lair:1   | 9321 ||| READING scroll labelled XIUHEM QEIREMO.
  9322 | Lair:1   | 9322 ||| READING scroll labelled GUJIVO JA BOR.
  9422 | Lair:2   | Identified the +4 leather armour of Imperfection {Will++
                  | Regen+ Stlth+}
  9518 | Lair:2   | Noticed Harold
  9519 | Lair:2   | 9519 ||| INVOKING Heroism.
  9522 | Lair:2   | Killed Harold
  9546 | Lair:2   | Identified the +0 arbalest of Xufat {drain, Str-2 Int+6
                  | Dex+5} (Okawaru gifted it to you on level 2 of the Lair of
                  | Beasts)
  9546 | Lair:2   | Received a gift from Okawaru
  9643 | Lair:2   | 9643 ||| INVOKING Heroism.
  9785 | Lair:2   | 9785 ||| UPGRADING to +4 leather armour of Imperfection
                  | {Will++ Regen+ Stlth+}.
  9795 | Lair:2   | 9795 ||| DROPPING +0 troll leather armour.
  9844 | Lair:3   | Noticed a boulder beetle
  9845 | Lair:3   | 9845 ||| INVOKING Heroism.
  9846 | Lair:3   | 9846 ||| INVOKING Finesse.
  9852 | Lair:3   | Killed a boulder beetle
  9853 | Lair:3   | Reached skill level 15 in Ranged Weapons
  9897 | Lair:3   | Found a staircase to the Snake Pit.
  9900 | Lair:3   | 9900 ||| Stepping ~*~*~tactically~*~*~ (outnumbered).
  9907 | Lair:3   | 9907 ||| INVOKING Heroism.
 10011 | Lair:3   | 10011 ||| INVOKING Heroism.
 10012 | Lair:3   | 10012 ||| INVOKING Finesse.
 10079 | Lair:3   | 10079 ||| INVOKING Heroism.
 10085 | Lair:3   | Reached skill level 16 in Ranged Weapons
 10464 | Lair:3   | Found a staircase to the Swamp.
 10466 | Lair:3   | 10466 ||| INVOKING Heroism.
 10802 | Lair:4   | Noticed a seven-headed hydra
 10803 | Lair:4   | 10803 ||| INVOKING Heroism.
 10806 | Lair:4   | Killed a seven-headed hydra
 10807 | Lair:4   | Reached XP level 13. HP: 105/116 MP: 17/19
 11261 | Lair:5   | Entered Level 5 of the Lair of Beasts
 11262 | Lair:5   | 11262 ||| INVOKING Heroism.
 11289 | Lair:5   | Received a gift from Okawaru
 11302 | Lair:5   | 11302 ||| INVOKING Heroism.
 11416 | Lair:5   | Found a large runed translucent door.
 11418 | Lair:5   | Found a large runed translucent door.
 11421 | Lair:5   | Noticed qw's ghost (journeyman GrHu)
 11437 | Lair:5   | 11437 ||| INVOKING Heroism.
 11438 | Lair:5   | 11438 ||| INVOKING Finesse.
 11442 | Lair:5   | Reached skill level 17 in Ranged Weapons
 11493 | Lair:5   | Found a staircase to the Slime Pits.
 11503 | Lair:5   | 11503 ||| INVOKING Heroism.
 11644 | Lair:5   | 11644 ||| INVOKING Heroism.
 11696 | Lair:5   | 11696 ||| INVOKING Heroism.
 11785 | Lair:5   | 11785 ||| UPGRADING to ring of poison resistance.
 11819 | Lair:5   | 11819 ||| INVOKING Heroism.
 11821 | Lair:5   | 11821 ||| Stepping ~*~*~tactically~*~*~ (cloud).
 11824 | Lair:5   | 11824 ||| Stepping ~*~*~tactically~*~*~ (cloud).
 11826 | Lair:5   | Reached skill level 18 in Ranged Weapons
 11826 | Lair:5   | 11826 ||| Stepping ~*~*~tactically~*~*~ (cloud).
 11828 | Lair:5   | 11828 ||| Stepping ~*~*~tactically~*~*~ (cloud).
 11839 | Lair:5   | 11839 ||| INVOKING Finesse.
 11842 | Lair:5   | HP: 28/116 [death yak (6)]
 11845 | Lair:5   | HP: 11/116 [deep troll shaman (4)]
 11845 | Lair:5   | HP: 1/116 [death yak (10)]
 11845 | Lair:5   | Mangled by a death yak

Levels and vault maps discovered:
D:1:      saegor_arrival_simple_b, layout_loops_cross, serial_shops,
          nicolae_shop_back_alley_shop, minmay_pentomino_p4
D:2:      layout_loops_cross
D:3:      layout_basic, kennysheep_slug_shrine, ebering_ecumenical_altar_mist,
          gup_sewer_entry_bowl, minmay_puff, uniq_terence, uniq_natasha
D:4:      layout_rooms, amcnicky_altar_gilded, mainiacjoe_overflow_brackets,
          minmay_temple_entry_junction
D:5:      layout_loops_cross, chequers_decorated_corner, uniq_menkaure,
          uniq_prince_ribbit1
D:6:      layout_rooms, nicolae_qazlal_scattered_showers, zin_treasury
D:7:      layout_loops_corners, enter_bailey_2
D:8:      layout_gridville, fedhas_ov_isle_minmay, kennysheep_nub
D:9:      layout_roguey, kennysheep_just_a_vault
D:10:     layout_roguey, nicolae_overflow_crystal_walls,
          nicolae_hepliaklqana_hazy_memory, erik_orc_1
D:11:     layout_gridville, lair_entry_dummy, nicolae_trove_entry_columns,
          uniq_snorg, uniq_sonja, uniq_urug
Lair:1:   layout_gridlike, lemuel_fruit_fields, lemuel_fruit_fields,
          grunt_megastairs_2
Lair:2:   layout_big_grid, uniq_harold
Lair:3:   layout_concentric_octagons, minmay_swamp_entry_worms,
          minmay_snake_entry_guardpost_small
Lair:4:   layout_cave_pods, lemuel_fruit_fields
Lair:5:   grunt_lair_end_beastmaster, layout_hall_layers, slime_entry_1,
          ebering_ghost_disaster_area, grunt_megastairs_5

Skill      XL: |  1  2  3  4  5  6  7  8  9 10 11 12 13 |
---------------+----------------------------------------+-----
Ranged Weapons | 3 4 5 6 8 10 12 13 14 16 18 | 18.0
Fighting       | 2 3 4 5 6 7 8 9 11 | 11.5
Armour         | 1 2 3 4 |  4.3
Invocations    | 3 4 7 10 | 10.0
Dodging        | 3 6 7 9 10 | 10.0
Spellcasting   | |  1.0
Hexes          | |  2.0

Action                     |  1- 3 |  4- 6 |  7- 9 | 10-12 | 13-15 || total
---------------------------+-------+-------+-------+-------+-------++-------
   Fire: Sling             |    95 |   129 |       |       |       ||   224
         Shortbow          |       |    43 |   216 |       |       ||   259
         Triple crossbow   |       |       |    32 |   240 |    75 ||   347
 Invoke: Heroism           |       |       |     8 |    22 |     7 ||    37
         Finesse           |       |       |       |     3 |     2 ||     5
    Use: Scroll            |     2 |     5 |     9 |     6 |       ||    22
         Potion            |     1 |     4 |     3 |     5 |       ||    13
 Armour: Robe              |     5 |       |       |       |       ||     5
         Ring mail         |    12 |    30 |    37 |       |       ||    79
         Leather armour    |       |       |     5 |    36 |    28 ||    69
         Troll leather arm |       |       |       |    21 |       ||    21
  Dodge: Dodged            |    24 |    44 |    64 |   263 |    78 ||   473

Table legend:
 A = Non-vault XP
 B = Vault XP
 C = Vault XP percentage of total XP
 D = Non-vault monster count
 E = Vault monster count
 F = Vault count percentage of total count
                 A         B        C        D         E       F
            +---------+---------+-------+---------+---------+-------
      Total |   37885 |   14494 |  27.7 |     280 |      60 |  17.6
            +---------+---------+-------+---------+---------+-------
        D:1 |      26 |       4 |  13.3 |      13 |       3 |  18.8
        D:2 |      46 |      36 |  43.9 |      14 |       1 |   6.7
        D:3 |      96 |      57 |  37.3 |      15 |       7 |  31.8
        D:4 |      72 |       0 |   0.0 |      11 |       0 |   0.0
        D:5 |     294 |     427 |  59.2 |      17 |       2 |  10.5
        D:6 |     658 |       0 |   0.0 |      17 |       0 |   0.0
        D:7 |    1537 |       0 |   0.0 |      25 |       0 |   0.0
        D:8 |    1407 |       0 |   0.0 |      24 |       0 |   0.0
        D:9 |    2526 |     666 |  20.9 |      15 |       1 |   6.2
       D:10 |    1035 |     582 |  36.0 |      11 |      17 |  60.7
       D:11 |    4295 |    2511 |  36.9 |      17 |       3 |  15.0
     Lair:1 |    3998 |    2054 |  33.9 |      20 |       4 |  16.7
     Lair:2 |    4988 |     868 |  14.8 |      23 |       1 |   4.2
     Lair:3 |    6588 |    1619 |  19.7 |      28 |       8 |  22.2
     Lair:4 |    2711 |       0 |   0.0 |       7 |       0 |   0.0
     Lair:5 |    7608 |    5670 |  42.7 |      23 |      13 |  36.1
            +---------+---------+-------+---------+---------+-------
